[Event "4NCL Div 1 2024-25"]
[Site "England"]
[Date "2025.02.15"]
[Round "5.6"]
[White "Cyborowski, Lukasz"]
[Black "Morea, Georgiana-Steluta"]
[Result "1-0"]
[Annotator "ChessBase"]
[ECO "B09"]
[WhiteElo "2454"]
[BlackElo "1941"]
[PlyCount "51"]
[EventDate "2024.11.23"]
[EventType "team-tourn"]
[EventCountry "ENG"]
[SourceTitle "playchess.com"]
[Source "ChessBase"]
[SourceQuality "1"]
[TimeControl "40/6000+30:3000+30"]

1. d4 Nf6 2. Nc3 g6 3. e4 d6 4. f4 Bg7 5. Bd3 O-O 6. Nf3 b6 7. Qe2 Bb7 8. e5 dxe5 9. dxe5 Nd5 10. Bd2 c5 11. O-O-O Qc8 12. Kb1 a6 13. f5 b5 14. e6 fxe6 15. fxg6 h6 16. Ne5 c4 17. Be4 b4 18. Nxd5 exd5 19. Bf3 Qf5 20. Nxc4 dxc4 21. Qxc4+ Kh8 22. Bxb7 Ra7 23. Rhf1 Qh5 24. Rxf8+ Bxf8 25. Rf1 Nd7 26. Qf7 1-0

[Event "4NCL Div 1 2024-25"]
[Site "England"]
[Date "2025.02.15"]
[Round "5.6"]
[White "Houska, Jovanka"]
[Black "Finn, Peter"]
[Result "1-0"]
[Annotator "ChessBase"]
[ECO "D30"]
[WhiteElo "2344"]
[BlackElo "2199"]
[PlyCount "63"]
[EventDate "2024.11.23"]
[EventType "team-tourn"]
[EventCountry "ENG"]
[SourceTitle "playchess.com"]
[Source "ChessBase"]
[SourceQuality "1"]
[TimeControl "40/6000+30:3000+30"]

1. d4 Nf6 2. Nf3 d5 3. c4 e6 4. cxd5 exd5 5. Qc2 g6 6. Bg5 Bf5 7. Qb3 Nbd7 8. Nc3 Be7 9. Bh6 c6 10. h3 Qb6 11. g4 Be4 12. Bg2 Bxf3 13. Bxf3 Qxd4 14. Qxb7 Rb8 15. Qxc6 Rxb2 16. O-O Qc5 17. Qxc5 Bxc5 18. Rad1 Bf8 19. Bc1 Rc2 20. Nxd5 Bg7 21. Ne3 Rc8 22. g5 Nh5 23. Bxh5 gxh5 24. Nf5 Bf8 25. Nd6+ Bxd6 26. Rxd6 Rg8 27. Rfd1 Ne5 28. f4 Ng6 29. e3 Ne7 30. Bb2 Kf8 31. Rd7 Re8 32. Rxa7 1-0

[Event "4NCL Div 1 2024-25"]
[Site "England"]
[Date "2025.02.15"]
[Round "5.7"]
[White "Jarocka, Liwia"]
[Black "Jackson, James P"]
[Result "1/2-1/2"]
[Annotator "ChessBase"]
[ECO "C95"]
[WhiteElo "2267"]
[BlackElo "2373"]
[PlyCount "136"]
[EventDate "2024.11.23"]
[EventType "team-tourn"]
[EventCountry "ENG"]
[SourceTitle "playchess.com"]
[Source "ChessBase"]
[SourceQuality "1"]
[TimeControl "40/6000+30:3000+30"]

1. e4 e5 2. Nf3 Nc6 3. Bb5 a6 4. Ba4 Nf6 5. O-O Be7 6. Re1 b5 7. Bb3 d6 8. c3 O-O 9. h3 Nb8 10. d4 Nbd7 11. Nbd2 Bb7 12. Bc2 Re8 13. Nf1 Bf8 14. Ng3 g6 15. Bd2 Bg7 16. Qc1 c5 17. d5 a5 18. a4 Ba6 19. axb5 Bxb5 20. c4 Bxc4 21. Ba4 Bd3 22. Bc6 Rb8 23. Bxa5 Qc8 24. Nd2 Bh6 25. Qc3 Bb5 26. Bxb5 Rxb5 27. Nc4 Bf8 28. Qd3 Rb8 29. Bc3 Nb6 30. Na5 Ra8 31. b4 Nfd7 32. Nc6 Na4 33. Bd2 cxb4 34. Bxb4 Nac5 35. Qe3 Qb7 36. Kh2 Qb5 37. Bxc5 Nxc5 38. Reb1 Qd3 39. Qxd3 Nxd3 40. Kg1 Nc5 41. Kf1 Bh6 42. f3 Bd2 43. Ke2 Bc3 44. Rxa8 Rxa8 45. Rb8+ Rxb8 46. Nxb8 h5 47. Nc6 Kg7 48. Na7 Bb4 49. Nc6 Ba3 50. Nf1 h4 51. Ne3 Nd7 52. Nc4 Bc5 53. N6a5 Kf6 54. Nb7 Ke7 55. Nca5 f5 56. Nc4 Bb4 57. Ne3 Kf6 58. Nc4 Ke7 59. Ne3 Nc5 60. Nc2 Nxb7 61. Nxb4 Kf6 62. Nc6 Kg5 63. Ke3 Nc5 64. Na7 Nb7 65. Nc8 Kf6 66. Kf2 Kg5 67. Ke3 Kf6 68. Kf2 Kg5 1/2-1/2

[Event "4NCL Div 1 2024-25"]
[Site "England"]
[Date "2025.02.15"]
[Round "5.7"]
[White "McCarthy, Kevin C"]
[Black "Galyas, Miklos"]
[Result "0-1"]
[Annotator "ChessBase"]
[ECO "A01"]
[WhiteElo "1954"]
[BlackElo "2374"]
[PlyCount "50"]
[EventDate "2024.11.23"]
[EventType "team-tourn"]
[EventCountry "ENG"]
[SourceTitle "playchess.com"]
[Source "ChessBase"]
[SourceQuality "1"]
[TimeControl "40/6000+30:3000+30"]

1. b3 d5 2. e3 e5 3. Bb2 Bd6 4. Nc3 c6 5. Be2 Nf6 6. d3 O-O 7. Qd2 a5 8. a4 Bb4 9. Ba3 Na6 10. Bxb4 Nxb4 11. Na2 c5 12. Nxb4 axb4 13. c3 bxc3 14. Qxc3 Qe7 15. Qb2 d4 16. e4 Ra6 17. Nf3 Nh5 18. g3 Rh6 19. Nh4 Nf4 20. gxf4 Rxh4 21. fxe5 Qxe5 22. h3 Rxh3 23. Rxh3 Bxh3 24. Bf3 Be6 25. O-O-O Qf4+ 0-1

[Event "4NCL Div 1 2024-25"]
[Site "England"]
[Date "2025.02.15"]
[Round "5.8"]
[White "Toma, Katarzyna"]
[Black "Patel, Zain"]
[Result "1/2-1/2"]
[Annotator "TA"]
[ECO "C60"]
[WhiteElo "2184"]
[BlackElo "2083"]
[PlyCount "121"]
[EventDate "2024.11.23"]
[EventType "team-tourn"]
[EventCountry "ENG"]
[SourceTitle "playchess.com"]
[Source "ChessBase"]
[SourceQuality "1"]
[TimeControl "40/6000+30:3000+30"]

1. e4 e5 2. Nf3 Nc6 3. Bb5 Nge7 4. c3 d5 5. Nxe5 dxe4 6. Qe2 {[%emt 0:02:48] C60: Ruy Lopez: Unusual Black 3rd moves and 3...g6.} Qd5 7. Nxc6 Nxc6 8. O-O (8. d4 $16) 8... Be6 $1 $11 9. Re1 ({Better is} 9. d4 $11) 9... O-O-O $15 10. a4 $146 (10. b4 $15) ({Predecessor:} 10. b3 Bd6 11. Bc4 Qe5 12. g3 Bxc4 13. Qxc4 Qh5 14. Qe2 Qg6 15. Qxe4 Rhe8 16. Qxe8 Rxe8 17. Rxe8+ {0-1 Valiyev,S (2220)-Stefanou,D (2327) Belgrade Serbia op 2023 (7)}) 10... Na5 $17 {[%emt 0:05:44] [#]} (10... a6 11. Bxc6 Qxc6 12. b4 $17) 11. Na3 c6 ({Black should try} 11... Bxa3 $17 12. Rxa3 a6) 12. b4 $1 $15 cxb5 13. bxa5 {[%emt 0:00:18] White is weak on the light squares} bxa4 14. a6 b6 15. Nb5 Bd7 16. c4 (16. Nxa7+ $11 Kb8 17. c4) 16... Bxb5 17. cxb5 f5 $36 {[%emt 0:12:00][%mdl 2048] Black is pushing.} 18. Rxa4 Qd3 (18... Bc5 $15) 19. Rc4+ $11 Bc5 20. Rc3 Qxe2 21. Rxe2 Rd4 22. g3 Rb4 (22... Rhd8 $15) 23. Ba3 (23. d3 $11) 23... Rxb5 $15 24. d4 exd3 25. Rxd3 Rd8 26. Rc3 Kd7 27. Rd2+ Kc7 28. Re2 g6 29. Kg2 Ra5 (29... Rd7 $17) 30. Bb4 $11 Rxa6 {[%emt 0:00:16] and ...Kc6 should not be overlooked} 31. Bxc5 bxc5 32. Rxc5+ {[%emt 0:00:05][%mdl 4096] Endgame KRR-KRR. Black is a pawn up.} Rc6 33. Ra5 a6 34. h4 Rd7 35. Rb2 Rd4 36. h5 f4 37. hxg6 hxg6 38. Rba2 Kb7 39. Rb2+ Rb6 40. Re2 fxg3 41. fxg3 Rb5 42. Ra3 Rbd5 43. Rb2+ {[%emt 0:02:04] [#]} Ka7 $1 44. Rbb3 g5 45. Re3 g4 46. Re7+ Rd7 47. Re6 Rd2+ 48. Kf1 {[%emt 0:00:00] The position is equal.} Rd1+ 49. Ke2 R7d2+ 50. Ke3 Re1+ 51. Kxd2 Rxe6 {[%emt 0:00:00] KR-KR. Black is a pawn up.} 52. Ra4 Rg6 53. Kc3 Rg5 54. Rf4 Kb6 55. Kb4 a5+ 56. Ka4 Kc6 57. Rc4+ Kd5 58. Rf4 Ke6 59. Ka3 Kd6 60. Ka4 Kc6 61. Rc4+ {[%emt 0:00:00] Weighted Error Value: White=0.16 (very precise) /Black=0.13 (very precise)   Mistake:       	White=5     	Black=4      Inaccurate:     	White=5     	Black=6      OK:         	White=20    	Black=15     Best:        	White=6     	Black=4      Strong:       	White=1     	Black=2} 1/2-1/2

[Event "4NCL Div 1 2024-25"]
[Site "England"]
[Date "2025.02.15"]
[Round "5.9"]
[White "Merry, Alan B"]
[Black "Roberson, Peter T"]
[Result "1/2-1/2"]
[Annotator "ChessBase"]
[ECO "E11"]
[WhiteElo "2417"]
[BlackElo "2432"]
[PlyCount "75"]
[EventDate "2024.11.23"]
[EventType "team-tourn"]
[EventCountry "ENG"]
[SourceTitle "playchess.com"]
[Source "ChessBase"]
[SourceQuality "1"]
[TimeControl "40/6000+30:3000+30"]

1. d4 d5 2. c4 e6 3. Nf3 Nf6 4. g3 Bb4+ 5. Bd2 Be7 6. Bg2 O-O 7. O-O c6 8. Qc2 Nbd7 9. a4 a5 10. Na3 Bd6 11. Rfd1 Qe7 12. Ne1 Re8 13. Nd3 e5 14. dxe5 Nxe5 15. cxd5 Nxd5 16. Bxd5 cxd5 17. Nf4 Ng4 18. Nb5 Bc5 19. e3 b6 20. h3 Nf6 21. Bc3 Ne4 22. Rxd5 Bb7 23. Re5 Qf8 24. Rd1 Rxe5 25. Bxe5 Rc8 26. Qb3 Qe8 27. Bd4 Bb4 28. Nc3 Ng5 29. h4 Nf3+ 30. Kf1 Bxc3 31. Bxc3 Qe4 32. Qxb6 Nh2+ 33. Ke1 Nf3+ 34. Kf1 Nh2+ 35. Ke1 Nf3+ 36. Kf1 Nh2+ 37. Ke1 Nf3+ 38. Kf1 1/2-1/2

[Event "4NCL Div 1 2024-25"]
[Site "England"]
[Date "2025.02.15"]
[Round "5.10"]
[White "O`Gorman, Tom"]
[Black "Panjwani, Raja"]
[Result "1-0"]
[Annotator "ChessBase"]
[ECO "B30"]
[WhiteElo "2380"]
[BlackElo "2448"]
[PlyCount "61"]
[EventDate "2024.11.23"]
[EventType "team-tourn"]
[EventCountry "ENG"]
[SourceTitle "playchess.com"]
[Source "ChessBase"]
[SourceQuality "1"]
[TimeControl "40/6000+30:3000+30"]

1. e4 c5 2. Nf3 Nc6 3. Bc4 e6 4. O-O a6 5. Re1 Nf6 6. Bd5 d6 7. Bxc6+ bxc6 8. e5 dxe5 9. Nxe5 Bd6 10. d3 Qc7 11. Nf3 O-O 12. Nbd2 e5 13. Nc4 Bg4 14. h3 Bxf3 15. Qxf3 Nd5 16. Ne3 Nxe3 17. Qxe3 f5 18. b3 Rae8 19. Bb2 e4 20. dxe4 fxe4 21. Qe2 Qf7 22. Rad1 Re6 23. Bc1 Qf5 24. Be3 Rg6 25. Kf1 Qe5 26. Qxa6 Kh8 27. Qxc6 Be7 28. Qd5 Qg3 29. Qxe4 Bh4 30. Kg1 Qxh3 31. Qxg6 1-0

[Event "4NCL Div 1 2024-25"]
[Site "England"]
[Date "2025.02.15"]
[Round "5.11"]
[White "Taylor, Martin R"]
[Black "Makkar, Rajat"]
[Result "0-1"]
[Annotator "ChessBase"]
[ECO "E36"]
[WhiteElo "2353"]
[BlackElo "2432"]
[PlyCount "84"]
[EventDate "2024.11.23"]
[EventType "team-tourn"]
[EventCountry "ENG"]
[SourceTitle "playchess.com"]
[Source "ChessBase"]
[SourceQuality "1"]
[TimeControl "40/6000+30:3000+30"]

1. c4 Nf6 2. d4 e6 3. Nc3 Bb4 4. Qc2 O-O 5. a3 Bxc3+ 6. Qxc3 d5 7. Bg5 c5 8. dxc5 d4 9. Qc2 e5 10. Rd1 h6 11. Bxf6 Qxf6 12. e4 a5 13. b4 axb4 14. axb4 Nc6 15. Rb1 Qg6 16. Ne2 f5 17. b5 Nd8 18. Ng3 f4 19. Ne2 Ne6 20. f3 Nxc5 21. Nc1 Ra3 22. Nd3 Rc3 23. Qd2 Qd6 24. Be2 Be6 25. O-O Bxc4 26. Nb4 Bxe2 27. Qxe2 d3 28. Qf2 Nb3 29. Nd5 Rc2 30. Rxb3 Rxf2 31. Rxf2 Ra8 32. g3 Ra3 33. Rb1 Qc5 34. Kg2 Qc4 35. gxf4 Ra2 36. Rbf1 Rxf2+ 37. Rxf2 exf4 38. Nxf4 Qc3 39. Nd5 Qc1 40. Rf1 Qd2+ 41. Rf2 Qg5+ 42. Kh3 Qc1 0-1

[Event "4NCL Div 1 2024-25"]
[Site "England"]
[Date "2025.02.15"]
[Round "5.12"]
[White "Williams, Samuel G"]
[Black "Rogers, Jonathan W"]
[Result "1/2-1/2"]
[Annotator "ChessBase"]
[ECO "D08"]
[WhiteElo "2224"]
[BlackElo "2331"]
[PlyCount "129"]
[EventDate "2024.11.23"]
[EventType "team-tourn"]
[EventCountry "ENG"]
[SourceTitle "playchess.com"]
[Source "ChessBase"]
[SourceQuality "1"]
[TimeControl "40/6000+30:3000+30"]

1. d4 d5 2. c4 e5 3. dxe5 Ne7 4. a3 Nbc6 5. Nf3 Bg4 6. Nbd2 dxc4 7. Qa4 Bxf3 8. gxf3 Qd5 9. e4 Qxe5 10. Bxc4 a6 11. Qb3 O-O-O 12. Bxf7 Nd4 13. Qc3 g6 14. Nb3 Nec6 15. Nxd4 Nxd4 16. Bb3 Bg7 17. Bd1 Rhf8 18. Be3 Rxf3 19. Rc1 Rf7 20. f3 Nxf3+ 21. Bxf3 Qxc3+ 22. bxc3 Rxf3 23. Ke2 Rxe3+ 24. Kxe3 Bh6+ 25. Ke2 Bxc1 26. Rxc1 Kd7 27. Rb1 b6 28. h4 Ke6 29. Ke3 Rd6 30. Rf1 Ke7 31. e5 Rd5 32. Ke4 Ra5 33. h5 Rxa3 34. hxg6 hxg6 35. Kd4 Ra4+ 36. Kd5 Ra5+ 37. Kd4 Ra2 38. Rg1 Rd2+ 39. Ke4 a5 40. Rxg6 a4 41. Rg7+ Kd8 42. Rg8+ Kd7 43. Ra8 b5 44. c4 Kc6 45. cxb5+ Kxb5 46. e6 c5 47. e7 Re2+ 48. Kd5 Rxe7 49. Rb8+ Ka5 50. Kxc5 Rc7+ 51. Kd4 a3 52. Kd3 Ka4 53. Kd2 Rc5 54. Ra8+ Kb3 55. Rb8+ Ka2 56. Rb7 Ka1 57. Rb8 a2 58. Rb7 Rh5 59. Kc2 Rh2+ 60. Kc1 Rh1+ 61. Kc2 Rb1 62. Ra7 Rb2+ 63. Kc1 Rb8 64. Rc7 Rc8 65. Rxc8 1/2-1/2

[Event "4NCL Div 1 2024-25"]
[Site "England"]
[Date "2025.02.15"]
[Round "5.13"]
[White "Sowray, Peter J"]
[Black "Price, Gwilym"]
[Result "1-0"]
[Annotator "TA"]
[ECO "E62"]
[WhiteElo "2205"]
[BlackElo "2223"]
[PlyCount "117"]
[EventDate "2024.11.23"]
[EventType "team-tourn"]
[EventCountry "ENG"]
[SourceTitle "playchess.com"]
[Source "ChessBase"]
[SourceQuality "1"]
[TimeControl "40/6000+30:3000+30"]

1. d4 Nf6 2. c4 g6 3. Nf3 Bg7 4. g3 O-O 5. Bg2 d6 6. Nc3 Nc6 7. O-O e5 8. dxe5 dxe5 {[%emt 0:00:06] 8...dxe5 scores better than 8...Nxe5.} 9. Bg5 Be6 10. Nd2 {[%emt 0:07:03][%cal Oc3d5] was the old line (10.Qc1).} h6 {[%emt 0:03:12] E62: King's Indian: Fianchetto: 6...c6 and Panno Variation (6...Nc6) without ...a6.} 11. Bxf6 Bxf6 12. Nd5 (12. Nb3 {is more appropriate.}) 12... Bg7 $11 {[%emt 0:08:15] Black has an edge.} 13. Nb3 Bc8 $146 ({Predecessor:} 13... Nd4 14. Nxd4 exd4 15. Qb3 c6 16. Nf4 Bc8 17. Rad1 Qb6 18. Be4 Qxb3 19. axb3 Re8 20. Bd3 a5 21. Ra1 Bf8 {½-½ Kovacs,G (2462)-Mutschnik,I (2430) BL2-Sued 1516 2015 (3.3)}) 14. Qd2 Nd4 15. Nxd4 exd4 16. Rac1 c6 17. Nf4 a5 18. b3 Qe7 19. c5 Re8 20. Rfe1 Bf5 21. Nd3 h5 22. h4 Bf6 23. Nf4 Kg7 24. Bf3 Red8 25. Rc4 Rd7 26. Rec1 Kh7 27. Ra4 Qd8 28. b4 axb4 29. Rxa8 Qxa8 30. Nxh5 $1 gxh5 31. Qf4 $1 Bg6 32. Qxf6 Qxa2 33. Bxh5 $1 Qd5 $2 {[%emt 0:06:12][%mdl 8192] [#]} (33... Bxh5 $11 34. Qf5+ Bg6 35. Qxd7 b3) 34. Ra1 $1 Qf5 $16 (34... Bxh5 $2 35. Ra8 $18) 35. Bxg6+ fxg6 (35... Qxg6 $142 36. Qf3 Kg7) 36. Qxf5 gxf5 {[%emt 0:00:00][%mdl 4096] Endgame [#] KR-KR} 37. Rb1 (37. Ra4 $1 $16) 37... Rd5 $2 (37... b5 $11 {and Black stays safe.}) 38. Rxb4 $18 Rxc5 39. Rxb7+ (39. Rxd4 $6 b5 $16) 39... Kg6 40. Rd7 Rc1+ 41. Kg2 c5 42. Kf3 (42. Rd6+ $18 {is more deadly.} Kf7 43. h5) 42... Rd1 $2 (42... Kf6 $16 {is a better defense.}) 43. Rd6+ Kg7 44. Rd5 c4 45. Rxf5 c3 {[%emt 0:00:05] ...c2 would now be deadly.} 46. Rc5 Rc1 47. Rc6 Rb1 48. Ke4 Rb2 49. Kxd4 Rxe2 50. f4 c2 51. g4 {[%emt 0:00:00][%cal Bg3g4,Bg4g5][%mdl 32] Hoping for h5.} Rg2 {[%emt 0:01:57] [#]} 52. g5 ({Weaker is} 52. Rc7+ Kf6 $16) 52... Rg4 53. Ke5 ({Not} 53. Rxc2 Rxf4+ 54. Ke5 Rxh4 $11) 53... Rxh4 54. Rxc2 {[%emt 0:00:00] White mates.} Rh1 55. Rc7+ Kg6 56. Rc6+ Kg7 57. Kf5 Ra1 58. Rc7+ Kg8 59. Re7 {[%emt 0:00:00] Weighted Error Value: White=0.19 (very precise) /Black=0.61  Loses game:     	---       	Black=3      Missed win:     	White=1     	---        Mistake:       	White=3     	Black=1      Inaccurate:     	White=1     	Black=4      OK:         	White=16    	Black=10     Best:        	White=6     	Black=1      Strong:       	White=3     	---} 1-0

[Event "4NCL Div 1 2024-25"]
[Site "England"]
[Date "2025.02.15"]
[Round "5.15"]
[White "Hng, Mei-En Emmanuelle"]
[Black "Hryshchenko, Kamila"]
[Result "1-0"]
[Annotator "TA"]
[ECO "B38"]
[WhiteElo "2135"]
[BlackElo "2138"]
[PlyCount "123"]
[EventDate "2024.11.23"]
[EventType "team-tourn"]
[EventCountry "ENG"]
[SourceTitle "playchess.com"]
[Source "ChessBase"]
[SourceQuality "1"]
[TimeControl "40/6000+30:3000+30"]

1. Nf3 d6 2. c4 g6 3. d4 Bg7 4. Nc3 Nf6 5. e4 O-O 6. h3 c5 7. Be2 cxd4 8. Nxd4 Nc6 9. Be3 Nd7 {[%emt 0:03:41] B38: Sicilian: Maroczy Bind with 5...Bg7 and 7...0-0.} 10. O-O Nc5 11. Rc1 Bd7 {[%emt 0:04:35] The position is equal.} 12. Qd2 b6 $146 (12... Qb6 $11) ({Predecessor:} 12... Rc8 13. b3 Qa5 14. Rfd1 Kh8 15. f4 Qc7 16. Nd5 Qd8 {0-1 Al Jabri,M (2154)-Minko,V (2381) Wch Blitz Riadh 2017 (14)}) 13. f4 Rc8 14. b3 Qe8 15. f5 Ne5 (15... Bxd4 $142 16. Bxd4 f6) 16. b4 $16 Nb7 (16... Na6 $16 {keeps fighting.}) 17. Nd5 $18 f6 18. Nf4 (18. Nb5 $18 Nc6 19. Kh1) 18... Nd8 $16 19. b5 (19. Nb5 $142) 19... e6 20. fxe6 (20. h4 $16) 20... Nxe6 $11 21. Ndxe6 Bxe6 22. Nxe6 Qxe6 23. Qd5 Rfe8 {[%emt 0:01:04] Black is weak on the light squares} 24. Rfd1 h5 25. a4 {[%emt 0:00:46][%csl Od6] White attacks a weakness} Nf7 26. Bf3 f5 27. Qxe6 Rxe6 28. e5 Bxe5 29. Bd5 Re7 30. Rd3 Rec7 (30... Kg7 $15) 31. Bd4 (31. a5 $1 $11 bxa5 32. Rc2) 31... Kg7 32. Be3 (32. a5 $11) 32... Nd8 (32... Bf6 $15) 33. a5 $1 bxa5 34. Rc2 Re7 35. Ra2 Nb7 36. Bxa7 Bf4 (36... Nc5 $11 37. Bxc5 dxc5) 37. Bd4+ {[%emt 0:00:31][%mdl 1024] White has strong compensation.} Kf8 (37... Be5 $11 {keeps the balance.}) 38. Bf6 $16 Rf7 39. Bd4 {[%emt 0:00:35] This pair of bishops is nice.} (39. Rf3 $16 Rxf6 40. Rxf4) 39... Rfc7 (39... Re7 $1 $11) 40. g3 {[%emt 0:00:35] White is much more active.} Be5 41. Bb6 (41. Be3 $16) 41... Rxc4 $1 $11 42. Bxb7 (42. Bxc4 $11 Rxc4 43. Kg2 (43. Bxa5 Rc1+ 44. Kg2 Rb1 $11)) 42... Rb8 $15 43. Bf2 Rxb7 44. Rxa5 Rb4 45. Rd5 {[%emt 0:00:00] [#]} (45. Ra8+ $15 Kf7 46. b6) 45... Kf7 $2 ({Better is} 45... Rb1+ $19 46. Kg2 Rb2) 46. b6 Ke6 47. Rdb5 Rxb5 48. Rxb5 {[%emt 0:00:00][%mdl 4096] Endgame KRB-KRB. Black is a pawn up.} d5 49. Kf1 Bf6 50. Ke2 g5 51. Ra5 Kd6 52. Kd3 Bd8 53. Be3 Bxb6 54. Ra6 Kc6 {[%emt 0:00:48] ...Kb5 would now be deadly.} 55. Bxg5 Ra7 56. Rxb6+ $11 {[%emt 0:00:00] KRB-KR} ({Much worse is} 56. Rxa7 Bxa7 57. Ke2 Kc5 $17) 56... Kc7 $2 (56... Kxb6 $11 57. Be3+ Kb7) 57. Bf4+ $2 (57. Rh6 $18) 57... Kxb6 58. Be3+ Kb7 59. Bxa7 Kxa7 60. Kd4 Kb6 $2 (60... Kb8 $11) 61. Kxd5 Kc7 {[%emt 0:01:09] [#]} 62. h4 $1 {[%emt 0:00:00] Weighted Error Value: White=0.39/Black=0.46  Loses game:     	---       	Black=2      Missed win:     	White=1     	---        Mistake:       	White=9     	Black=9      Inaccurate:     	White=6     	Black=4      OK:         	White=15    	Black=13     Best:        	White=5     	Black=2      Strong:       	White=1     	Black=1} 1-0

[Event "4NCL Div 1 2024-25"]
[Site "England"]
[Date "2025.02.15"]
[Round "5.16"]
[White "Kafka, Graeme"]
[Black "Zhao, George"]
[Result "0-1"]
[Annotator "ChessBase"]
[ECO "C02"]
[WhiteElo "2015"]
[BlackElo "2233"]
[PlyCount "92"]
[EventDate "2024.11.23"]
[EventType "team-tourn"]
[EventCountry "ENG"]
[SourceTitle "playchess.com"]
[Source "ChessBase"]
[SourceQuality "1"]
[TimeControl "40/6000+30:3000+30"]

1. e4 e6 2. d4 d5 3. e5 c5 4. c3 Nc6 5. Nf3 Bd7 6. Be2 f6 7. O-O fxe5 8. Nxe5 Nxe5 9. dxe5 Qc7 10. Re1 Ne7 11. Nd2 Nc6 12. Nf3 Be7 13. Bd2 O-O 14. Bd3 c4 15. Bc2 Rf7 16. Bg5 Bc5 17. Be3 Be7 18. Bg5 h6 19. Bxe7 Nxe7 20. Nd4 Raf8 21. Re2 Nc6 22. Nxc6 Bxc6 23. Qd4 Rf4 24. Qe3 d4 25. cxd4 Rg4 26. g3 Qd7 27. Rae1 Rf3 28. Qd2 Rxd4 29. Qc1 Rfd3 30. f3 Rxf3 31. Be4 Bxe4 32. Rxe4 Rfd3 33. Qf4 Rxe4 34. Rxe4 Rd1+ 35. Kg2 Rd2+ 36. Kh3 Rxb2 37. Rxc4 Qe8 38. Qg4 Qf7 39. Rf4 Qe7 40. Rc4 Rf2 41. Rc8+ Kh7 42. Qe4+ Rf5 43. Qc2 Qg5 44. Qd3 Qg6 45. Qc2 Qh5+ 46. Kg2 Qf3+ 0-1

[Event "4NCL Div 1 2024-25"]
[Site "England"]
[Date "2025.02.15"]
[Round "5.17"]
[White "Bazakutsa, Svyatoslav"]
[Black "Gormally, Daniel W"]
[Result "1-0"]
[Annotator "TA"]
[ECO "A29"]
[WhiteElo "2486"]
[BlackElo "2424"]
[PlyCount "79"]
[EventDate "2024.11.23"]
[EventType "team-tourn"]
[EventCountry "ENG"]
[SourceTitle "playchess.com"]
[Source "ChessBase"]
[SourceQuality "1"]
[TimeControl "40/6000+30:3000+30"]

1. c4 e5 2. g3 Nf6 3. Bg2 Bc5 4. d3 O-O 5. Nf3 Nc6 6. Nc3 d6 7. O-O Nd4 {[%emt 0:00:54] A29: English Opening: Four Knights Variation with 4 g3.} 8. e3 Nxf3+ 9. Bxf3 c6 $146 {[%emt 0:01:31] The position is equal.} (9... Bh3 10. Re1 c6 11. d4 Bb6 12. b3 Ba5 13. Bd2 exd4 14. exd4 d5 15. cxd5 Bxc3 16. Bxc3 Nxd5 {1-0 Cmilyte,V (2525)-Movsesian,J (2260) BL 1112 (Women) 2011 (11.1)}) 10. d4 Bb4 11. Bd2 exd4 12. exd4 Bxc3 13. Bxc3 d5 14. c5 Bf5 15. Bd2 Qd7 16. Bf4 Be4 17. Bg2 {[%emt 0:05:22] Repels Qh3} Bxg2 18. Kxg2 Rfe8 19. f3 Qf5 20. Qd2 b6 21. Rac1 Re6 22. Rfe1 Rae8 (22... bxc5 $11 23. Rxe6 (23. Rxc5 Nh5 $11) (23. dxc5 Rae8 $11) 23... Qxe6) 23. Re5 $16 Qg6 24. Rxe6 Rxe6 25. cxb6 axb6 26. a4 Nh5 {[%emt 0:07:56][%cal Oe6e2] ...Re2+! would now be deadly.} 27. Bc7 h6 (27... Re7 $16 {keeps fighting.} 28. Be5 (28. Bxb6 Re2+ 29. Qxe2 Nf4+ 30. Kf2 Nxe2 $17) 28... Qe6) 28. Kf2 $1 $18 (28. Bxb6 Re2+ 29. Qxe2 Nf4+ 30. Kf1 Nxe2 31. Kxe2 Qe6+ 32. Kd3 h5 $11) 28... Nf6 29. b4 (29. Bxb6 $18 {and a5 would now be decisive} Nh7 30. h4) 29... Ne8 $16 30. Bb8 (30. Bxb6 Nd6 31. Qc2 (31. Rxc6 $2 Ne4+ 32. fxe4 Rxc6 $19) 31... Qg5 $15) 30... Qf6 31. a5 Qd8 $1 $36 {[%emt 0:00:27][%mdl 2048] Black has good play.} 32. Be5 f6 {[%emt 0:01:02] Prevents h4.} 33. Bf4 g5 34. Be3 bxa5 35. bxa5 Nd6 36. a6 (36. Rxc6 Ne4+ 37. fxe4 Rxc6 $17) 36... Nc4 37. Qb4 c5 $2 (37... Nxe3 $2 38. a7 Re8 39. Re1 $18) (37... Rxe3 $11 {and Black has nothing to worry.} 38. Rxc4 Qe8) 38. Qxc5 $2 (38. dxc5 $18 Nxe3 39. a7) 38... Nxe3 {[%emt 0:00:06] [#]} (38... Kg7 $1 $11 {keeps the balance.}) 39. Qc8 $1 ({Much worse is} 39. Re1 $6 Qe8 40. Qc3 Rxa6 $11) 39... Nd1+ {[%emt 0:00:20] [#]} 40. Kg1 $1 {[%emt 0:00:18] Weighted Error Value: White=0.24 (precise) /Black=0.22 (precise)   Loses game:     	---       	Black=1      Missed win:     	White=1     	---        Mistake:       	White=1     	Black=3      Inaccurate:     	White=3     	Black=1      OK:         	White=14    	Black=13     Best:        	White=2     	Black=2      Strong:       	White=2     	Black=1} 1-0

[Event "4NCL Div 1 2024-25"]
[Site "England"]
[Date "2025.02.15"]
[Round "5.18"]
[White "Ledger, Andrew J"]
[Black "Willow, Jonah B"]
[Result "1/2-1/2"]
[Annotator "ChessBase"]
[ECO "E94"]
[WhiteElo "2328"]
[BlackElo "2454"]
[PlyCount "119"]
[EventDate "2024.11.23"]
[EventType "team-tourn"]
[EventCountry "ENG"]
[SourceTitle "playchess.com"]
[Source "ChessBase"]
[SourceQuality "1"]
[TimeControl "40/6000+30:3000+30"]

1. d4 Nf6 2. c4 g6 3. Nc3 Bg7 4. e4 d6 5. Nf3 O-O 6. Be2 e5 7. O-O Bg4 8. dxe5 Bxf3 9. exf6 Bxe2 10. Qxe2 Qxf6 11. Nd5 Qd8 12. Qc2 Re8 13. Be3 c6 14. Nc3 Nd7 15. Rad1 Qe7 16. h3 Nc5 17. Bd4 Bxd4 18. Rxd4 Ne6 19. Rd3 Nf4 20. Rf3 Qg5 21. Rg3 Qc5 22. b3 a6 23. Qd2 Qe5 24. Rd1 Rad8 25. Rf3 Ne6 26. Re3 Nc5 27. Qc2 Ra8 28. Qd2 Rad8 29. Qc2 Ra8 30. Qd2 Red8 31. b4 Ne6 32. Nd5 a5 33. b5 Qg5 34. h4 Qxh4 35. Rh3 Qxh3 36. gxh3 cxd5 37. cxd5 Nc5 38. f3 f6 39. h4 b6 40. Qf4 Kg7 41. h5 Rd7 42. Kh1 Re8 43. Rd2 Re5 44. hxg6 Rh5+ 45. Rh2 Rxh2+ 46. Kxh2 hxg6 47. Kg2 Rd8 48. Qg3 Rd7 49. Qg4 Rc7 50. Qf4 Rd7 51. Kf1 Nd3 52. Qe3 Nc5 53. Ke2 Re7 54. Qf4 Rd7 55. Kd2 Rd8 56. Qg3 Rd7 57. Kc2 Rd8 58. Qg4 Re8 59. Qg3 Rd8 60. Qg4 1/2-1/2